General information
			
			
        
        - name: BNet
 
        - type: Ladder team game (AT/RT)
 
        - host: Battle.net
 
        - saver: Obamanation
 
        
map: GoldRush 
        - players: 8
 
        - length: 16:54
 
        - speed: Fast
 - version: 1.22 W3XP
 - replay type:  Public
 
» download(175 KB)
Players
        team 1 (loser) 
              
              
WoC.Curved (
pink | 114 APM | 1917 actions | 16:50)
              
 4 Mountain King 
 2 Storm Bolt
 2 Bash
 
                » actions 
                
                | Assign group hotkey | 40 |  | 
| Basic commands | 17 |  | 
| Build / train | 54 |  | 
| ESC pressed | 1 |  | 
| Enter build submenu | 20 |  | 
| Enter hero's abilities submenu | 4 |  | 
| Give item / drop item | 1 |  | 
| Right click | 1119 |  | 
| Select / deselect | 251 |  | 
| Select group hotkey | 357 |  | 
| Use ability | 53 |  | 
                1917 total
 » units 
                » upgrades
                » buildings
                
                | Altar of Kings | 2 |  | 
| Barracks | 3 |  | 
| Farm | 6 |  | 
| Lumber Mill | 1 |  | 
| Scout Tower | 3 |  | 
| Guard Tower | 1 |  | 
| Town Hall | 2 |  | 
| Arcane Vault | 1 |  | 
| Keep | 1 |  | 
                20 total
 » build order
                00:08 Altar of Kings
00:20 Barracks
00:34 Farm
00:50 Farm
01:52 Farm
03:17 Farm
04:03 Lumber Mill
04:05 Farm
05:07 Farm
06:14 Scout Tower
06:15 Scout Tower
06:18 Scout Tower
06:45 Guard Tower
07:29 Town Hall
09:45 Arcane Vault
10:05 Altar of Kings
12:36 Barracks
12:38 Barracks
14:17 Town Hall
16:19 Keep
» items
                
                | Healing Salve | 2 |  | 
| Lesser Clarity Potion | 1 |  | 
| Scroll of Speed | 1 |  | 
| Potion of Mana | 2 |  | 
| Potion of Healing | 1 |  | 
                7 total
  
               
              
              
WoC.Playboi (
red | 46 APM | 496 actions | 10:44)
              
 2 Death Knight 
 1 Death Coil
 1 Unholy Aura
 
                » actions 
                
                | Assign group hotkey | 6 |  | 
| Basic commands | 36 |  | 
| Build / train | 21 |  | 
| Enter build submenu | 11 |  | 
| Enter hero's abilities submenu | 2 |  | 
| Right click | 243 |  | 
| Select / deselect | 113 |  | 
| Select group hotkey | 38 |  | 
| Use ability | 26 |  | 
                496 total
 » units 
                
                | Acolyte | 7 |  | 
| Ghoul | 2 |  | 
| Crypt Fiend | 3 |  | 
                12 total
 » buildings
                
                | Graveyard | 1 |  | 
| Crypt | 1 |  | 
| Ziggurat | 3 |  | 
| Altar of Darkness | 2 |  | 
| Tomb of Relics | 1 |  | 
| Nerubian Tower | 2 |  | 
| Necropolis | 1 |  | 
                11 total
 » build order
                00:04 Graveyard
00:09 Crypt
00:20 Ziggurat
00:53 Altar of Darkness
01:07 Tomb of Relics
02:51 Ziggurat
03:34 Nerubian Tower
03:34 Nerubian Tower
07:03 Necropolis
09:55 Ziggurat
10:20 Altar of Darkness
» items
                 
               
              
              
WoC.PoweR (
green | 65 APM | 1077 actions | 16:30)
              
 4 Priestess of the Moon 
 2 Trueshot Aura
 2 Searing Arrows
 1 Pandaren Brewmaster 
 1 Breath of Fire
 
                » actions 
                
                | Assign group hotkey | 26 |  | 
| Basic commands | 11 |  | 
| Build / train | 46 |  | 
| Enter build submenu | 19 |  | 
| Enter hero's abilities submenu | 6 |  | 
| Give item / drop item | 1 |  | 
| Right click | 556 |  | 
| Select / deselect | 203 |  | 
| Select group hotkey | 168 |  | 
| Use ability | 41 |  | 
                1077 total
 » units 
                
                | Wisp | 16 |  | 
| Archer | 13 |  | 
| Crypt Fiend | 5 |  | 
                34 total
 » buildings
                
                | Moon Well | 4 |  | 
| Ancient of War | 1 |  | 
| Altar of Elders | 1 |  | 
| Tree of Ages | 1 |  | 
| Hunter's Hall | 1 |  | 
| Ancient of Wonders | 1 |  | 
| Ancient of Lore | 2 |  | 
| Ancient of Wind | 1 |  | 
| Graveyard | 1 |  | 
| Crypt | 1 |  | 
| Ziggurat | 3 |  | 
| Nerubian Tower | 1 |  | 
| Spirit Tower | 1 |  | 
                19 total
 » build order
                00:24 Moon Well
00:50 Ancient of War
01:11 Altar of Elders
01:25 Moon Well
01:44 Moon Well
03:01 Moon Well
05:34 Tree of Ages
06:14 Hunter's Hall
06:18 Ancient of Wonders
08:47 Ancient of Lore
08:53 Ancient of Lore
08:57 Ancient of Wind
11:12 Graveyard
11:17 Crypt
11:21 Ziggurat
11:23 Ziggurat
12:35 Nerubian Tower
13:19 Spirit Tower
15:02 Ziggurat
» items
                 
               
              
              
WoC.Straight (
teal | 84 APM | 1427 actions | 16:53)
              
 3 Tauren Chieftain 
 2 Shockwave
 1 Endurance Aura
 2 Pandaren Brewmaster 
 1 Breath of Fire
 1 Drunken Haze
 
                » actions 
                
                | Assign group hotkey | 25 |  | 
| Basic commands | 7 |  | 
| Build / train | 43 |  | 
| Enter build submenu | 11 |  | 
| Enter hero's abilities submenu | 5 |  | 
| Right click | 902 |  | 
| Select / deselect | 335 |  | 
| Select group hotkey | 48 |  | 
| Use ability | 51 |  | 
                1427 total
 » units 
                » upgrades
                
                | Ensnare | 1 |  | 
| Berserker Strength | 1 |  | 
                2 total
 » buildings
                
                | Altar of Storms | 1 |  | 
| Orc Burrow | 4 |  | 
| Barracks | 1 |  | 
| Voodoo Lounge | 1 |  | 
| Stronghold | 1 |  | 
| Beastiary | 1 |  | 
                9 total
 » build order
                00:09 Altar of Storms
00:13 Orc Burrow
00:33 Barracks
01:27 Orc Burrow
02:04 Voodoo Lounge
02:56 Stronghold
05:21 Orc Burrow
06:36 Beastiary
07:03 Orc Burrow
» items
                
                | Scroll of Town Portal | 1 |  | 
| Potion of Mana | 3 |  | 
| Potion of Healing | 2 |  | 
| Scroll of Speed | 1 |  | 
                7 total
  
               team 2 (winner) 
              
              
ActionJackson3 (
blue | 99 APM | 1677 actions | 16:54)
              
 4 Goblin Tinker 
 2 Pocket Factory
 2 Engineering Upgrade
 3 Archmage 
 1 Brilliance Aura
 2 Summon Water Elemental
 1 Naga Sea Witch 
 1 Frost Arrows
 
                » actions 
                
                | Assign group hotkey | 56 |  | 
| Basic commands | 248 |  | 
| Build / train | 71 |  | 
| Enter build submenu | 26 |  | 
| Enter hero's abilities submenu | 8 |  | 
| Remove unit from queue | 3 |  | 
| Right click | 380 |  | 
| Select / deselect | 266 |  | 
| Select group hotkey | 537 |  | 
| Use ability | 82 |  | 
                1677 total
 » units 
                
                | Peasant | 17 |  | 
| Footman | 16 |  | 
| Priest | 4 |  | 
| Knight | 3 |  | 
                40 total
 » upgrades
                
                | Defend | 1 |  | 
| Masonry | 1 |  | 
| Priest Training | 2 |  | 
| Plating | 2 |  | 
| Swords | 2 |  | 
| Animal War Training | 1 |  | 
| Sorceress Training | 1 |  | 
| Magic Sentry | 1 |  | 
| Control Magic | 1 |  | 
                12 total
 » buildings
                
                | Barracks | 2 |  | 
| Farm | 8 |  | 
| Altar of Kings | 1 |  | 
| Scout Tower | 5 |  | 
| Arcane Tower | 3 |  | 
| Lumber Mill | 2 |  | 
| Keep | 1 |  | 
| Arcane Vault | 1 |  | 
| Blacksmith | 1 |  | 
| Arcane Sanctum | 2 |  | 
| Castle | 1 |  | 
| Town Hall | 1 |  | 
                28 total
 » build order
                00:08 Barracks
00:13 Farm
00:24 Altar of Kings
00:53 Scout Tower
01:33 Farm
01:44 Farm
02:05 Arcane Tower
05:19 Scout Tower
05:32 Scout Tower
05:44 Arcane Tower
05:49 Scout Tower
05:57 Scout Tower
06:34 Lumber Mill
07:43 Farm
07:43 Farm
07:52 Keep
07:56 Arcane Tower
07:58 Arcane Vault
08:17 Blacksmith
08:59 Farm
10:02 Lumber Mill
10:18 Arcane Sanctum
10:49 Castle
11:24 Arcane Sanctum
14:21 Town Hall
14:49 Farm
15:30 Farm
16:25 Barracks
 
               
              
              
» 
kum.2ez (
orange | 112 APM | 1898 actions | 16:54)
              
 5 Demon Hunter 
 2 Mana Burn
 3 Evasion
 
                » actions 
                
                | Assign group hotkey | 59 |  | 
| Basic commands | 50 |  | 
| Build / train | 50 |  | 
| ESC pressed | 2 |  | 
| Enter build submenu | 20 |  | 
| Enter hero's abilities submenu | 6 |  | 
| Give item / drop item | 2 |  | 
| Remove unit from queue | 1 |  | 
| Right click | 901 |  | 
| Select / deselect | 224 |  | 
| Select group hotkey | 509 |  | 
| Use ability | 73 |  | 
                1898 total
 » units 
                » upgrades
                
                | Strength of the Moon | 1 |  | 
| Strength of the Wild | 1 |  | 
| Marksmanship | 1 |  | 
| Well Spring | 1 |  | 
                4 total
 » buildings
                
                | Altar of Elders | 1 |  | 
| Moon Well | 8 |  | 
| Ancient of War | 2 |  | 
| Tree of Ages | 2 |  | 
| Hunter's Hall | 1 |  | 
| Ancient of Wonders | 1 |  | 
| Tree of Eternity | 2 |  | 
| Ancient of Wind | 1 |  | 
| Chimaera Roost | 3 |  | 
                21 total
 » build order
                00:16 Altar of Elders
00:25 Moon Well
01:55 Ancient of War
01:56 Ancient of War
02:02 Moon Well
02:58 Moon Well
05:31 Tree of Ages
05:31 Tree of Ages
06:23 Moon Well
06:27 Hunter's Hall
06:29 Ancient of Wonders
07:57 Tree of Eternity
08:28 Ancient of Wind
10:35 Chimaera Roost
10:36 Chimaera Roost
10:39 Moon Well
10:40 Moon Well
10:40 Moon Well
10:42 Chimaera Roost
13:51 Moon Well
» items
                
                | Orb of Venom | 2 |  | 
| Anti-magic Potion | 2 |  | 
| Potion of Healing | 3 |  | 
| Scroll of Town Portal | 1 |  | 
| Moonstone | 1 |  | 
| Boots of Speed | 1 |  | 
| Staff of Teleportation | 1 |  | 
| Potion of Lesser Invulnerability | 1 |  | 
| Circlet of Nobility | 1 |  | 
                13 total
  
               
              
              
» 
Obamanation (
purple | 100 APM | 1693 actions | 16:54)
              
 5 Goblin Tinker 
 3 Pocket Factory
 2 Engineering Upgrade
 
                » actions 
                
                | Assign group hotkey | 27 |  | 
| Basic commands | 172 |  | 
| Build / train | 52 |  | 
| ESC pressed | 1 |  | 
| Enter build submenu | 20 |  | 
| Enter hero's abilities submenu | 5 |  | 
| Right click | 727 |  | 
| Select / deselect | 371 |  | 
| Select group hotkey | 260 |  | 
| Use ability | 58 |  | 
                1693 total
 » units 
                
                | Peasant | 18 |  | 
| Footman | 11 |  | 
| Rifleman | 14 |  | 
                43 total
 » buildings
                
                | Farm | 9 |  | 
| Barracks | 2 |  | 
| Altar of Kings | 1 |  | 
| Scout Tower | 3 |  | 
| Lumber Mill | 1 |  | 
| Arcane Tower | 1 |  | 
| Blacksmith | 1 |  | 
| Guard Tower | 2 |  | 
                20 total
 » build order
                00:05 Farm
00:07 Barracks
00:26 Altar of Kings
00:45 Farm
01:51 Farm
05:57 Scout Tower
06:02 Lumber Mill
06:27 Arcane Tower
07:06 Farm
07:34 Farm
07:38 Farm
07:40 Scout Tower
08:04 Blacksmith
08:40 Guard Tower
08:42 Scout Tower
10:20 Guard Tower
10:20 Farm
10:22 Farm
11:21 Barracks
13:48 Farm
 
               
              
              
» 
TIMG3STRok (
yellow | 113 APM | 1907 actions | 16:54)
              
 4 Goblin Tinker 
 2 Pocket Factory
 2 Engineering Upgrade
 
                » actions 
                
                | Assign group hotkey | 25 |  | 
| Basic commands | 79 |  | 
| Build / train | 50 |  | 
| Enter build submenu | 19 |  | 
| Enter hero's abilities submenu | 4 |  | 
| Right click | 924 |  | 
| Select / deselect | 263 |  | 
| Select group hotkey | 436 |  | 
| Use ability | 107 |  | 
                1907 total
 » units 
                » upgrades
                
                | Improved Bows | 1 |  | 
| Abolish Magic | 1 |  | 
| Strength of the Wild | 1 |  | 
                3 total
 » buildings
                
                | Altar of Elders | 1 |  | 
| Moon Well | 4 |  | 
| Ancient of War | 3 |  | 
| Tree of Ages | 1 |  | 
| Hunter's Hall | 1 |  | 
| Tree of Life | 3 |  | 
| Ancient Protector | 3 |  | 
| Ancient of Lore | 2 |  | 
| Tree of Eternity | 1 |  | 
                19 total
 » build order
                00:19 Altar of Elders
00:26 Moon Well
00:56 Ancient of War
01:54 Ancient of War
02:35 Ancient of War
02:49 Moon Well
04:41 Moon Well
05:44 Tree of Ages
05:45 Hunter's Hall
06:27 Tree of Life
07:00 Ancient Protector
07:03 Ancient Protector
07:05 Ancient Protector
10:02 Ancient of Lore
10:33 Ancient of Lore
10:41 Moon Well
16:13 Tree of Life
16:27 Tree of Eternity
16:47 Tree of Life
 
                Chat log
          
(01:26 / All) kum.2ez: hahah nice hack hahah
(01:27 / All) TIMG3STRok: lmao nice mh
(01:30 / All) WoC.Curved: K
(01:31 / All) WoC.Curved: MH
(01:32 / All) WoC.Curved: MH
(01:34 / All) WoC.Curved: PING
(01:35 / All) WoC.Curved: PING A LING
(01:37 / All) WoC.Curved: PING
(01:39 / All) WoC.Curved: ALTAR CLICK
(02:28 / Allies) kum.2ez: o wow
(02:32 / Allies) kum.2ez: i got DH lol
(05:36 / All) Obamanation: hey thats not how u proto
(05:49 / All) Obamanation: u not sposed to force tp and make it a 3v1 silly
(05:53 / All) Obamanation: -.-
(07:03 / All) Obamanation: nope
(07:16 / All) Obamanation: Dang how u gonna beat p4k
(07:18 / All) Obamanation: u cant even beat us
(08:06 / All) Obamanation: think u guys lost
(08:10 / All) Obamanation: thats just me
(08:13 / All) WoC.Playboi: i think u suck dick
(08:18 / All) WoC.Playboi: and ran some pussy shit
(08:20 / All) Obamanation: yup
(08:22 / All) WoC.Playboi: and won cause u cant stand>
(08:24 / All) Obamanation: you mh
(08:28 / All) Obamanation: And you cant stop our strat
(08:28 / All) Obamanation: nice
(09:44 / All) Obamanation: hey u guys got owned
(09:52 / All) Obamanation: tc dead
(09:56 / All) Obamanation: 1v1 my tinker with your tc
(10:28 / All) Obamanation: ims till t1 guys
(10:30 / All) Obamanation: what u say to that
(10:41 / All) WoC.Playboi: u ran a pussy strat. dont think your good ill murder u
(10:44 / All) Obamanation: lmao
(10:47 / All) Obamanation: woc hacking
(10:47 / All) Obamanation: filth
(10:50 / All) TIMG3STRok: l;mao
(10:52 / All) Obamanation: cant even proto right
(10:53 / All) TIMG3STRok: mh and still cant stop it
(11:11 / All) TIMG3STRok: maybe you shouldnt wait until my aow is half up before you send one ghoul to attack it
(11:24 / All) Obamanation: im t1 pumping rifles
(11:27 / All) Obamanation: Lmao embarassing
(11:57 / All) WoC.PoweR: lmao u guys are so proud of this one
(12:03 / All) TIMG3STRok: majh
(12:05 / All) TIMG3STRok: nah
(12:05 / All) Obamanation: u guys getting owned
(12:13 / All) TIMG3STRok: just another win against another shit noob team
(12:18 / All) WoC.PoweR: "i won one with tinkers and mass arch im pro"
(12:25 / All) WoC.PoweR: yeah ur like 3-100 gj
(12:28 / All) Obamanation: Sorry proto trash
(12:28 / All) Obamanation: lmao
(12:32 / All) Obamanation: Look at these guys
(12:35 / All) Obamanation: proto and they clal other people bad
(12:49 / All) Obamanation: Sorry u guys didn't have mass expo
(12:50 / All) Obamanation: and raider
(12:51 / All) Obamanation: bat
(12:52 / All) Obamanation: tbhis game
(13:55 / All) Obamanation: girls just wanna have fun
(14:01 / All) Obamanation: oh girls just wanna have fun
(14:02 / All) TIMG3STRok: agaghgahg
(14:06 / All) Obamanation: Why  u still here
(14:07 / All) Obamanation: u lost
(14:13 / All) Obamanation: hoyl shit no manner
(14:20 / All) WoC.PoweR: accurate presentation of your sexual preferences
(14:24 / All) Obamanation: Lol
(14:25 / All) kum.2ez: no manner?
(14:55 / All) Obamanation: im t1 still
(15:17 / All) WoC.PoweR: ur mom couldnt be more proud
(15:25 / All) Obamanation: ur so mad right now wof
(15:26 / All) TIMG3STRok: im so fuckin good
(15:27 / All) Obamanation: whats wrong?
(15:43 / All) Obamanation: Lol red
(15:45 / All) Obamanation: getting surrounded
(15:46 / All) Obamanation: tp bro
(16:19 / All) Obamanation: hey im still t1
(16:25 / All) kum.2ez: here i come
(16:37 / All) Obamanation: time to leave
(16:46 / All) Obamanation: search again
(16:50 / All) Obamanation: not rly cause u suck